 Dungeon Crawl Stone Soup version 0.17-a0-4-gb793c6d (webtiles) character file.

83 Ololoev the Firebug (level 4, -8/27 HPs)
             Began as an Octopode Fire Elementalist on Mar 4, 2015.
             Shot with a sling bullet by a goblin (10 damage)
             ... on level 3 of the Dungeon.
             The game lasted 00:05:24 (2288 turns).

Ololoev the Firebug (Octopode Fire Elementalist)    Turns: 2288, Time: 00:05:24

Health: -8/27      AC:  1    Str:  9    XL:     4   Next: 44%
Magic:  7/7        EV: 12    Int: 17    God:
Gold:   103        SH:  0    Dex: 13    Spells: 2 memorised, 3 levels left

rFire  . . .     SeeInvis .     g - +2 dagger (holy)
rCold  . . .     Clarity  .     (no shield)
rNeg   . . .     SustAb   .     (helmet restricted)
rPois  .         Gourm    .     (no amulet)
rElec  .         Spirit   .     n - +2 ring of strength
rCorr  .         Warding  .     (no ring)
rMut   .         Stasis   .     (no ring)
MR     .....                    (no ring)
Stlth  +++.......               (no ring)
                                (no ring)
                                (no ring)
                                (no ring)

@: not resistant to hostile enchantments, fairly stealthy
A: almost no armour, amphibious, 8 rings, constrict 8, camouflage 1, gelatinous
body 1
a: no special abilities


You were on level 3 of the Dungeon.
You were not hungry.

You visited 1 branch of the dungeon, and saw 3 of its levels.

You collected 103 gold pieces.

Notes
Turn   | Place    | Note
--------------------------------------------------------------
     0 | D:1      | Ololoev, the Octopode Fire Elementalist, began the quest for the Orb.
     0 | D:1      | Reached XP level 1. HP: 11/11 MP: 3/3
   175 | D:1      | Reached XP level 2. HP: 10/17 MP: 2/4
   919 | D:2      | Reached XP level 3. HP: 12/21 MP: 6/6
  1320 | D:2      | Learned a level 3 spell: Conjure Flame
  1878 | D:3      | Reached XP level 4. HP: 23/27 MP: 2/7
  2238 | D:3      | Noticed Grinder
  2244 | D:3      | Paralysed by Grinder for 6 turns
  2288 | D:3      | Shot with a sling bullet by a goblin

Inventory:

Hand weapons
 g - a +2 dagger of holy wrath (weapon)
Jewellery
 n - a +2 ring of strength (left tentacle)
Scrolls
 a - 7 scrolls of identify {unknown}
 h - 4 scrolls of remove curse {unknown}
 i - a scroll of enchant weapon {unknown}
 m - 2 scrolls of immolation {unknown}
 o - a scroll of amnesia {unknown}
 p - a scroll of fear {unknown}
Potions
 d - 2 potions of might {unknown}
 e - 2 potions of haste {unknown}
 f - 2 potions of lignification {unknown}
 j - a potion of ambrosia {unknown}
 l - 4 potions of curing {unknown}
 q - a potion of agility
Books
 b - a book of Flames

   Spells                             Type                      Level
   a - Flame Tongue                   Conjuration/Fire             1
   b - Throw Flame                    Conjuration/Fire             2
   c - Conjure Flame                  Conjuration/Fire             3
   d - Inner Flame                    Hexes/Fire                   3
   e - Sticky Flame                   Conjuration/Fire             4
   f - Fireball                       Conjuration/Fire             5
Comestibles
 c - 3 bread rations
 k - 2 fruits

Table legend:
 A = Turns spent in this place as a percentage of turns spent in the entire game.
 B = Non-inter-level travel turns spent in this place as a percentage of non-inter-level travel turns spent in the entire game.
 C = Inter-level travel turns spent in this place as a percentage of turns spent in this place.
 D = Turns resting spent in this place as a percentage of non-inter-level travel turns spent in this place.
 E = Turns spent auto-exploring this place as a percentage of non-inter-level travel turns spent in this place.
 F = Non-inter-level travel turns spent in this place divided by the number of levels of this place that you've seen.
                   A       B       C       D       E      F
               +-------+-------+-------+-------+-------+----------------------
         Total | 100.0 | 100.0 |   0.4 |  10.4 |  16.0 | 163.0
       Dungeon | 100.0 | 100.0 |   0.4 |  10.4 |  16.0 | 163.0
               +-------+-------+-------+-------+-------+----------------------


   Skills:
 - Level 2.0 Dodging
 - Level 2.6 Stealth
 - Level 2.0 Spellcasting
 * Level 3.4 Conjurations
 + Level 3.7 Fire Magic


You had 3 spell levels left.
You knew the following spells:

 Your Spells              Type           Power        Failure   Level  Hunger
a - Flame Tongue          Conj/Fire      ##...        4%          1    #......
b - Conjure Flame         Conj/Fire      ##......     14%         3    ###....


Dungeon Overview and Level Annotations

Branches:
Dungeon (3/15)

Altars:

Annotations:
D:3 Grinder


Innate Abilities, Weirdness & Mutations

You cannot wear most types of armour.
You are amphibious.
You can wear up to eight rings at the same time.
You can use your tentacles to constrict many enemies at once.
Your skin changes colour to match your surroundings (Stealth).
Your rubbery body absorbs attacks (AC +1).


Message History

Magic restored.
Eat which item? (? for menu, Esc to quit)
Okay, then.
Eat which item? (? for menu, Esc to quit)
Mmmm...
Yummy coconut.
A goblin comes into view. It is wielding an enchanted dagger.
There is a stone staircase leading up here.
The goblin barely misses you.
You closely miss the goblin. Your grab misses the goblin.
The goblin closely misses you.
You hit the goblin. Your grab misses the goblin. You squeeze the goblin.
The goblin is severely wounded.
The goblin drinks a potion.
The goblin suddenly seems more agile.
You miss the goblin.
Grinder shouts!
Your grab misses the goblin.
The goblin is severely wounded.
The goblin barely misses you.
You closely miss the goblin. Your grab misses the goblin.
The goblin is severely wounded.
The goblin hits you with an enchanted dagger.
The goblin unwields an uncursed enchanted dagger.
The goblin wields a hunting sling.
The goblin shoots a sling bullet.
The sling bullet hits you.
You see here a sling bullet.
The goblin shoots a sling bullet.
The sling bullet hits you but does no damage.
You see here a sling bullet.
The goblin shoots a sling bullet.
The sling bullet barely misses you.
You see here a sling bullet.
The goblin unwields an uncursed hunting sling.
The goblin wields an uncursed enchanted dagger.
The goblin hits you with an uncursed enchanted dagger.
Grinder gestures at you. Pain shoots through your body!
The goblin barely misses you.
The goblin unwields an uncursed enchanted dagger.
The goblin wields an uncursed hunting sling.
The goblin shoots a sling bullet.
The sling bullet hits you!
You die...

#.# ########...... #.# #..
#....... .. #5#.# #.#
#.#.#####. .....###.#.#
#.###.#.###...
...<.....#.#####.##..........
.....###.#.#......+.......... .
#.#.#.###.##.......... #.#.#.#
#.##.......##. #.#.#@#
#)##.......#
############.#.#.###.##.[.....#
...............g.(.....(...(..+
##........##.#.#.#(###........#
#........##.#.#5#.# #.########
##......).##.#.#<..###.#
...........5.........#.##
##.........#..(..........
#.......#.#.............


You could see Grinder and a goblin.

Table legend:
 A = Kills in this place as a percentage of kills in entire the game.
 B = Kills by you in this place as a percentage of kills by you in the entire game.
 C = Kills by friends in this place as a percentage of kills by friends in the entire game.
 D = Other kills in this place as a percentage of other kills in the entire game.
 E = Experience gained in this place as a percentage of experience gained in the entire game.
 F = Experience gained in this place divided by the number of levels of this place that you have seen.
                   A       B       C       D       E      F
               +-------+-------+-------+-------+-------+----------------------
         Total | 100.0 | 100.0 |  -nan |  -nan | 100.0 |  39.7
       Dungeon | 100.0 | 100.0 |  -nan |  -nan | 100.0 |  39.7
               +-------+-------+-------+-------+-------+----------------------

Vanquished Creatures
  3 adders (D:3)
  A worm (D:3)
  A giant gecko (D:1)
  An ooze (D:2)
  2 orcs (D:3)
  2 giant cockroaches
  10 goblins
  2 hobgoblins (D:1)
  3 jackals (D:2)
  6 bats
  2 giant newts
  7 kobolds
  A quokka (D:2)
  2 rats (D:1)
43 creatures vanquished.

Action                   |  1- 3 |  4- 6 || total
-------------------------+-------+-------++-------
Melee: Dagger            |    56 |    13 ||    69
 Cast: Flame Tongue      |    22 |     5 ||    27
       Conjure Flame     |       |     1 ||     1
 Stab: Sleeping          |     1 |     1 ||     2
  Eat: Chunk             |     3 |     1 ||     4
       Fruit             |       |     1 ||     1

Vault maps used:
D:1:      nagdon_arrival_double_spiral, minmay_strange_pillars
D:3:      first_bread, kennysheep_jessica_study, uniq_grinder
